 Dungeon Crawl Stone Soup version 0.23.2-1-ga50397a (webtiles) character file.

Game seed: 17177522391829256408

1546 myga the Basher (level 8, 0/51 HPs)
             Began as a Gargoyle Berserker on May 16, 2019.
             Was an Elder of Trog.
             Slain by an ogre
             ... wielding a +0 giant club
              (21 damage)
             ... on level 6 of the Dungeon.
             The game lasted 00:25:32 (5237 turns).

myga the Basher (Gargoyle Berserker)                Turns: 5237, Time: 00:25:33

Health: 0/51       AC: 19    Str: 22    XL:     8   Next: 87%
Magic:  8/8        EV:  7    Int:  8    God:    Trog [****..]
Gold:   333        SH:  0    Dex: 10    Spells: 7/7 levels left

rFire    + . .     SeeInvis .   g - +1 dire flail (crush)
rCold    + . .     Gourm    .   (shield currently unavailable)
rNeg     + + .     Faith    .   d - +0 plate armour
rPois    ∞         Spirit   .   v - +0 helmet
rElec    +         Reflect  .   n - scarf {rC+ rF+}
rCorr    .         Harm     .   (no gloves)
MR       ++...                  (no boots)
Stlth    ..........             p - amulet of magic regeneration
HPRegen  1.17/turn              m - ring of attention (curse)
MPRegen  0.36/turn              r - ring of positive energy

@: regenerating
A: negative energy resistance 1, electricity resistance, unbreathing,
petrification resistance, rot immunity, AC +5
a: Berserk, Trog's Hand, Brothers in Arms, Renounce Religion


You were on level 6 of the Dungeon.
You worshipped Trog.
Trog was greatly pleased with you.
You were hungry.

You visited 2 branches of the dungeon, and saw 7 of its levels.

You collected 333 gold pieces.

Inventory:

Hand Weapons
 g - a +1 dire flail of crushing (weapon)
Missiles
 b - 154 stones (quivered)
 x - 8 poisoned javelins
 y - a throwing net
Armour
 d - a +0 plate armour (worn)
 i - a +1 cloak
 n - a scarf of resistance (worn)
 v - a +0 helmet (worn)
Jewellery
 m - a cursed ring of attention (left hand)
 p - an amulet of magic regeneration (around neck)
 r - a ring of positive energy (right hand)
 s - an uncursed ring of stealth
Wands
 w - a wand of paralysis (5)
Scrolls
 e - 3 scrolls of teleportation
 f - a scroll of fog
 h - a scroll of immolation
 l - a scroll of blinking
 t - a scroll of enchant weapon
Potions
 a - a potion of resistance {unknown}
 j - a potion of mutation
 k - a potion of agility
 q - a potion of heal wounds
 u - 3 potions of might
 z - a potion of curing {unknown}
 A - a potion of ambrosia {unknown}
 B - a potion of flight {unknown}
 C - a potion of degeneration {unknown}
Comestibles
 c - 16 rations
 o - 8 chunks of flesh


   Skills:
 + Level 6.0 Fighting
 + Level 8.4 Maces & Flails
 + Level 2.8 Throwing
 + Level 5.2 Armour
 + Level 2.0 Dodging


You had 7 spell levels left.
You didn't know any spells.
Your spell library was empty.

Dungeon Overview and Level Annotations

Branches:
Dungeon (6/15)             Temple (1/1) D:5

Altars:
Ashenzari
Cheibriados
Dithmenos
Elyvilon
Fedhas
Gozag
Hepliaklqana
Kikubaaqudgha
Makhleb
Nemelex Xobeh
Okawaru
Qazlal
Ru
Trog
Uskayaw
Vehumet
Wu Jian
Xom
Yredelemnul
Zin
The Shining One


Innate Abilities, Weirdness & Mutations

You are resistant to torment.
Your stone body is resilient. (AC +5)
You are immune to poison.
You resist negative energy. (rN+)
You are resistant to electric shocks. (rElec)
You can survive without breathing.
You are immune to petrification.
You are immune to rotting.


Message History

You puncture the centaur zombie!
You destroy the centaur zombie!
Trog accepts your kill.
You hit the ogre.
The ogre is lightly wounded.
The ogre closely misses you.
Press: ? - help, v - describe, . - travel
Here: an orc priest, wielding a +0 club and wearing a +0 leather armour The floor.
You puncture the ogre!
The ogre is heavily wounded.
The ogre hits you with a +0 giant club!!
The orc priest calls down the wrath of Beogh upon you.
Beogh smites you!
Your skin crawls.
You feel resistant to hostile enchantments.
You are feeling hungry.
The orc priest casts a cantrip, but nothing happens.
The ogre hits you with a +0 giant club!!
You die...

##.## ######..## .......... #####
#######.## #...# ..........
###### #...# #########.#.# .....#
#...# ..............
####.#####...#####o...........#..
#.)..........@Oo.$............
##################o..(..........#
...........<.....# ....(........#
.#######..#.####.# ...(........#
.....#....#....#.# ...........#
.###......#..#.#.# .. .......# .#
#......#..#.#.# . ........ .#
#......#..#.#.# ###.##
.###......#..#.#.#


You could see an orc warrior, an ogre, an orc priest and an orc.

Vanquished Creatures
  Eustachio (D:5)
  A water moccasin (D:5)
  An ice beast (D:5)
  An ogre (D:4)
  A centaur (D:5)
  A bullfrog (D:4)
  4 wights (D:6)
  2 crimson imps
  A centaur zombie (D:6)
  2 bullfrog skeletons
  A jelly (D:4)
  3 orc priests
  A centaur skeleton (D:4)
  3 orc wizards
  Natasha (D:4)
  2 worker ants
  3 gnolls (D:4)
  18 adders
  An ooze (D:2)
  2 adder skeletons
  2 worms
  3 dart slugs
  7 leopard geckos
  19 orcs
  10 giant cockroaches
  7 goblins
  10 hobgoblins
  14 jackals
  2 quokkas
  4 bats
  5 frilled lizards
  A giant cockroach zombie (D:5)
  7 kobolds
  A quokka skeleton (D:5)
  3 rats
145 creatures vanquished.

Notes
Turn   | Place    | Note
-------+----------+-------------------------------------------
     0 | D:1      | myga the Gargoyle Berserker began the quest for the Orb.
     0 | D:1      | Reached XP level 1. HP: 14/14 MP: 1/1
   314 | D:1      | Reached XP level 2. HP: 19/19 MP: 2/2
  1002 | D:2      | Reached XP level 3. HP: 24/24 MP: 3/3
  1148 | D:2      | Reached XP level 4. HP: 27/29 MP: 4/4
  1234 | D:2      | Reached ** piety under Trog
  1265 | D:2      | Reached skill level 4 in Maces & Flails
  1265 | D:2      | Reached skill level 1 in Throwing
  1275 | D:2      | Reached XP level 5. HP: 17/33 MP: 5/5
  1856 | D:3      | Found a radiant altar of Vehumet.
  1881 | D:3      | Reached XP level 6. HP: 39/39 MP: 6/6
  1898 | D:3      | Reached skill level 5 in Maces & Flails
  1989 | D:3      | Found a white marble altar of Elyvilon.
  2056 | D:3      | Found an ornate altar of the Wu Jian Council.
  2166 | D:3      | Reached *** piety under Trog
  2584 | D:4      | Reached skill level 5 in Fighting
  2584 | D:4      | Reached XP level 7. HP: 22/44 MP: 7/7
  2859 | D:4      | Received a gift from Trog
  3003 | D:4      | Noticed Natasha
  3017 | D:4      | Killed Natasha
  3467 | D:5      | Entered Level 5 of the Dungeon
  3518 | D:5      | Reached skill level 6 in Maces & Flails
  3631 | D:5      | Reached XP level 8. HP: 47/51 MP: 8/8
  3704 | D:5      | Found a staircase to the Ecumenical Temple.
  3710 | Temple   | Entered the Ecumenical Temple
  3920 | D:5      | Reached skill level 7 in Maces & Flails
  4139 | D:5      | Noticed Eustachio
  4146 | D:5      | Killed Eustachio
  4470 | D:6      | Reached skill level 8 in Maces & Flails
  4546 | D:6      | Reached **** piety under Trog
  4909 | D:6      | Found a burning altar of Makhleb.
  4943 | D:6      | Found a hide-covered altar of Uskayaw.
  4976 | D:6      | Reached skill level 5 in Armour
  5237 | D:6      | Slain by an ogre

Skill      XL: |  1  2  3  4  5  6  7  8 |
---------------+-------------------------+-----
Fighting       | 4 5 6 |  6.0
Maces & Flails | 4 5 6 8 |  8.4
Throwing       | 1 2 |  2.8
Armour         | 3 4 5 |  5.2
Dodging        | 2 |  2.0

Action                   |  1- 3 |  4- 6 |  7- 9 || total
-------------------------+-------+-------+-------++-------
Melee: Mace              |   105 |    77 |       ||   182
       Flail             |       |   140 |    20 ||   160
       Dire flail        |       |       |   204 ||   204
Throw: Stone             |    28 |    43 |    72 ||   143
       Javelin           |       |       |     2 ||     2
Invok: Berserk           |       |     2 |     3 ||     5
       Trog's Hand       |       |       |     2 ||     2
  Use: Scroll            |       |     7 |     2 ||     9
       Potion            |       |     1 |     3 ||     4
  Eat: Chunk             |     1 |     6 |    12 ||    19
Armor: Plate armour      |   107 |   185 |   134 ||   426
Dodge: Dodged            |    40 |    90 |    61 ||   191
